 Dungeon Crawl Stone Soup version 0.19.0 (webtiles) character file.

672 Banto the Slasher (level 7, -2/45 HPs)
             Began as a High Elf Skald on Nov 2, 2016.
             Was a Follower of Okawaru.
             Slain by Duvessa
             ... wielding a +0 short sword
              (15 damage)
             ... on level 5 of the Dungeon.
             The game lasted 00:06:31 (4678 turns).

Banto the Slasher (High Elf Skald)                  Turns: 4678, Time: 00:06:31

Health: -2/45      AC:  4    Str: 11    XL:     7   Next: 32%
Magic:  11/11      EV: 16    Int: 15    God:    Okawaru [*.....]
Gold:   163        SH:  0    Dex: 18    Spells: 1 memorised, 9 levels left

rFire  . . .     SeeInvis .     A - +2 dagger (venom)
rCold  . . .     Gourm    .     b - +0 leather armour
rNeg   . . .     Faith    .     (no shield)
rPois  .         Spirit   .     (no helmet)
rElec  .         Reflect  .     (no cloak)
rCorr  .         Harm     .     n - +0 pair of gloves
MR     +....                    (no boots)
Stlth  +.........               (no amulet)
                                p - +4 ring of slaying
                                v - ring of protection from magic

@: drained
A: no striking features
a: Heroism, Renounce Religion


You were on level 5 of the Dungeon.
You worshipped Okawaru.
Okawaru was aware of your devotion.
You were not hungry.

You visited 2 branches of the dungeon, and saw 6 of its levels.

You collected 163 gold pieces.

Inventory:

Hand Weapons
 a - a +0 falchion
 A - a +2 dagger of venom (weapon)
Armour
 b - a +0 leather armour (worn)
 n - a +0 pair of gloves (worn)
Jewellery
 p - a +4 ring of slaying (right hand)
 v - a ring of protection from magic (left hand)
Wands
 e - a wand of slowing (11/48)
 C - a wand of disintegration (18/24)
Scrolls
 o - 3 scrolls of immolation
 s - 3 scrolls of remove curse
 y - 5 scrolls of teleportation
Potions
 f - 2 potions of degeneration {unknown}
 h - a potion of flight {unknown}
 i - 2 potions of haste
 j - 2 potions of brilliance
 l - a potion of magic
 m - a potion of resistance {unknown}
 q - a potion of might {unknown}
 r - 2 potions of berserk rage {unknown}
 t - 2 potions of mutation {unknown}
 u - a potion of invisibility {unknown}
 w - 4 potions of curing {unknown}
 x - 3 potions of agility {unknown}
Books
 c - a book of Battle

   Spells                             Type                      Level
   a - Infusion                       Charms                       1
   b - Shroud of Golubria             Charms/Translocation         2
   c - Song of Slaying                Charms                       2
   d - Spectral Weapon                Hexes/Charms                 3
   e - Regeneration                   Charms/Necromancy            3
Comestibles
 d - 5 bread rations
 g - 8 fruits
 k - 4 meat rations
 z - a royal jelly
 B - a beef jerky


   Skills:
 - Level 2.0(1.9) Fighting
 + Level 7.0(6.9) Long Blades
 - Level 0.8(0.7) Armour
 + Level 6.3(6.2) Dodging
 - Level 2.4(2.3) Spellcasting
 - Level 3.6(3.5) Charms


You had 9 spell levels left.
You knew the following spells:

 Your Spells              Type           Power        Failure   Level  Hunger
a - Infusion              Chrm           ##..         10%         1    #......


Dungeon Overview and Level Annotations

Branches:
Dungeon (5/15)             Temple (1/1) D:4

Altars:
Cheibriados
Dithmenos
Elyvilon
Fedhas
Gozag
Hepliaklqana
Okawaru
Qazlal
Ru
Sif Muna
Trog
Uskayaw
Yredelemnul
Zin
Jiyva

Annotations:
D:5 Duvessa


Message History

You take 6 damage, and have 15/45 hp.
You hit Duvessa but do no damage.
Duvessa looks as sick as possible!
Duvessa is severely wounded.
Duvessa hits you with a short sword.
* * * LOW HITPOINT WARNING * * *
Dowan misses you.
You take 2 damage, and have 13/45 hp.
You hit Duvessa.
Duvessa is almost dead.
Duvessa misses you.
Dowan says, "Stay away from my face!"
Dowan hits you but does no damage.
You feel drained.
You hit Dowan.
You kill Dowan!
Okawaru accepts your kill.
Duvessa weeps, then rights herself and shakes her weapon.
Duvessa goes berserk!
Your base Long Blades skill increases to level 7!
Duvessa hits you with a short sword!
You die...

)# .# #.#
.####.##.#
......##.#
.#######.# ####
.#######.# ...
.......#.########.#
######.#........).#
#..........@#
###########e#
####.########
#(?...e"....#
#.####.# #. #.# #.
#.# #. #.# ##.# #.
##.#.....


You could see Duvessa (berserk).

Vanquished Creatures
  A sky beast (D:5)
  A centaur (D:5)
  A bullfrog (D:3)
  Dowan (D:5)
  A scorpion (D:5)
  A hound (D:4)
  An orc wizard (D:3)
  A worker ant (D:4)
  A worker ant zombie (D:5)
  2 howler monkey skeletons
  8 adders
  2 shadow imps (D:5)
  An adder zombie (D:5)
  3 worms
  7 dart slugs
  6 leopard geckos
  16 orcs
  9 bats
  2 giant cockroaches
  5 goblins
  11 hobgoblins
  4 jackals (D:2)
  2 quokkas
  4 ball pythons
  4 frilled lizards
  7 kobolds
  2 leopard gecko skeletons
  6 rats
110 creatures vanquished.

Notes
Turn   | Place    | Note
-------+----------+-------------------------------------------
     0 | D:1      | Banto the High Elf Skald began the quest for the Orb.
     0 | D:1      | Reached XP level 1. HP: 14/14 MP: 4/4
   197 | D:1      | Reached XP level 2. HP: 12/19 MP: 0/6
   198 | D:1      | Reached skill level 3 in Long Blades
   712 | D:1      | Reached XP level 3. HP: 14/24 MP: 5/7
  1419 | D:2      | Reached skill level 4 in Long Blades
  1419 | D:2      | Reached XP level 4. HP: 18/29 MP: 3/8
  2086 | D:2      | Found an opulent altar of Gozag.
  2265 | D:3      | Reached XP level 5. HP: 7/34 MP: 3/9
  2622 | D:3      | Found a white marble altar of Elyvilon.
  2772 | D:3      | Found a hide-covered altar of Uskayaw.
  2978 | D:3      | Reached skill level 5 in Long Blades
  2980 | D:3      | Found a hazy altar of Hepliaklqana.
  3037 | D:4      | Found a staircase to the Ecumenical Temple.
  3078 | D:5      | Entered Level 5 of the Dungeon
  3083 | Temple   | Entered the Ecumenical Temple
  3129 | Temple   | Became a worshipper of Warmaster Okawaru
  3214 | D:4      | Reached XP level 6. HP: 35/39 MP: 10/10
  3262 | D:4      | Reached skill level 5 in Dodging
  3724 | D:5      | Reached skill level 6 in Long Blades
  4054 | D:5      | Noticed Dowan
  4056 | D:5      | Noticed Duvessa
  4135 | D:5      | Found a glowing silver altar of Zin.
  4147 | D:5      | Noticed a sky beast
  4450 | D:5      | Killed a sky beast
  4450 | D:5      | Reached * piety under Okawaru
  4450 | D:5      | Reached XP level 7. HP: 29/45 MP: 11/11
  4678 | D:5      | Killed Dowan
  4678 | D:5      | Reached skill level 7 in Long Blades
  4678 | D:5      | Slain by Duvessa

Skill      XL: |  1  2  3  4  5  6  7 |
---------------+----------------------+-----
Long Blades    | 3 4 5 6 7 |  7.0
Dodging        | 2 3 4 6 |  6.3
Fighting       | |  2.0
Armour         | |  0.8
Spellcasting   | |  2.4
Charms         | |  3.6

Action                   |  1- 3 |  4- 6 |  7- 9 || total
-------------------------+-------+-------+-------++-------
Melee: Falchion          |    96 |   162 |       ||   258
       Dagger            |     4 |    13 |    26 ||    43
 Cast: Infusion          |    10 |    11 |       ||    21
  Use: Scroll            |     4 |     5 |       ||     9
  Eat: Chunk             |     2 |     8 |     3 ||    13
Armor: Leather armour    |    28 |    29 |     1 ||    58
Dodge: Dodged            |    64 |   120 |    11 ||   195
       Rpst.: Falchion   |    20 |    38 |       ||    58

Table legend:
 A = Turns spent in this place as a percentage of turns spent in the entire game.
 B = Non-inter-level travel turns spent in this place as a percentage of non-inter-level travel turns spent in the entire game.
 C = Inter-level travel turns spent in this place as a percentage of turns spent in this place.
 D = Turns resting spent in this place as a percentage of non-inter-level travel turns spent in this place.
 E = Turns spent auto-exploring this place as a percentage of non-inter-level travel turns spent in this place.
 F = Non-inter-level travel turns spent in this place divided by the number of levels of this place that you've seen.
                   A       B       C       D       E      F
               +-------+-------+-------+-------+-------+----------------------
         Total | 100.0 | 100.0 |   0.8 |   5.3 |  13.2 | 195.0
       Dungeon |  98.3 |  98.4 |   0.7 |   5.4 |  12.9 | 230.2
        Temple |   1.7 |   1.6 |   5.0 |   0.0 |  31.6 |  19.0
               +-------+-------+-------+-------+-------+----------------------

Table legend:
 A = Kills in this place as a percentage of kills in entire the game.
 B = Kills by you in this place as a percentage of kills by you in the entire game.
 C = Kills by friends in this place as a percentage of kills by friends in the entire game.
 D = Other kills in this place as a percentage of other kills in the entire game.
 E = Experience gained in this place as a percentage of experience gained in the entire game.
 F = Experience gained in this place divided by the number of levels of this place that you have seen.
                   A       B       C       D       E      F
               +-------+-------+-------+-------+-------+----------------------
         Total | 100.0 | 100.0 |  -nan |  -nan | 100.0 | 160.0
       Dungeon | 100.0 | 100.0 |  -nan |  -nan | 100.0 | 192.0
               +-------+-------+-------+-------+-------+----------------------
